[Event "56th Rubinstein Memorial C 2020"]
[Site "Polanica Zdroj"]
[Date "2020.08.18"]
[Round "4.6"]
[White "Janzer, Hubert"]
[Black "Raczek, Krzysztof"]
[Result "1-0"]
[ECO "A45"]
[WhiteElo "1893"]
[BlackElo "1712"]
[Annotator "NA"]
[PlyCount "117"]
[EventDate "2020.08.15"]
[EventType "swiss"]
[EventCountry "POL"]
[SourceTitle "playchess.com"]
[Source "ChessBase"]
[SourceQuality "1"]
[TimeControl "40/5400+30:1800+30"]

1. d4 Nf6 2. Bf4 g6 3. Nc3 d5 4. e3 Bg7 5. h4 c6 6. Nf3 {A45: Trompowsky Attack.} Bg4 7. Be2 h5 8. Ne5 Bxe2 9. Qxe2 Nfd7 {[#]} 10. Nd3 $146 ({Predecessor:} 10. O-O-O Nxe5 11. Bxe5 Bxe5 12. dxe5 Nd7 13. e4 e6 14. exd5 cxd5 15. Nb5 Kf8 16. f4 {1-0 (80) Gumularz,S (2513)-Petrosyan,M (2607) chess.com INT 2020}) 10... Nb6 11. O-O-O N8d7 12. g4 hxg4 13. Qxg4 Nf6 14. Qg2 Nc4 15. Rdg1 Qa5 16. a4 Nh5 17. Bh2 Qd8 18. b3 Nd6 19. Ne2 Nf5 20. Be5 Bxe5 21. Nxe5 Qd6 22. Kb2 Rh7 23. c4 O-O-O 24. cxd5 cxd5 25. Rc1+ Kb8 26. Rc5 Nf6 27. Nf4 e6 28. Nfd3 Ne4 29. Rc2 a6 30. Nc5 Nxc5 $11 31. Rxc5 Qe7 32. Rhc1 Nxh4 33. Qh2 Qd6 34. Rc8+ Ka7 35. R8c7 Ka8 36. R1c6 bxc6 37. Nxc6 f6 38. Rc8+ Rxc8 39. Qg3 Qf4 40. Qxf4 Rd7 41. Qd6 Rdc7 42. Nb4 a5 43. Qa6+ Kb8 44. Qb6+ Rb7 45. Nc6+ Rxc6 46. Qxc6 Nf3 47. Qxe6 Nd2 48. Qd6+ Ka8 49. Qxd5 Nxb3 50. Kc3 Ka7 51. Qe6 Rb6 52. Qe7+ Ka6 53. d5 Nc1 54. d6 Na2+ 55. Kc4 Rc6+ 56. Kd4 Nb4 57. d7 Rc7 58. Qd6+ Nc6+ 59. Kd5 1-0

[Event "56th Rubinstein Memorial C 2020"]
[Site "Polanica Zdroj"]
[Date "2020.08.18"]
[Round "4.7"]
[White "Bartlomowicz, Jakub"]
[Black "Lewandrowski, Tomasz"]
[Result "1-0"]
[ECO "B98"]
[WhiteElo "1613"]
[BlackElo "1879"]
[Annotator "NA"]
[PlyCount "43"]
[EventDate "2020.08.15"]
[EventType "swiss"]
[EventCountry "POL"]
[SourceTitle "playchess.com"]
[Source "ChessBase"]
[SourceQuality "1"]
[TimeControl "40/5400+30:1800+30"]

1. e4 c5 2. Nf3 d6 3. d4 cxd4 4. Nxd4 Nf6 5. Nc3 a6 6. Bg5 e6 7. f4 Be7 8. Qf3 h6 9. Bh4 g5 10. fxg5 Ng8 {[%emt 0:00:10] [#] B98: Sicilian Najdorf: 6 Bg5 e6 7 f4 Be7, sidelines.} 11. O-O-O $146 ({Predecessor:} 11. Bb5+ axb5 12. O-O Rh7 13. g6 fxg6 14. Qg4 Rg7 15. Bxe7 Kxe7 16. Rae1 e5 17. Nd5+ Ke8 18. Ne6 {1-0 (18) Bongers,E-Belle,E (2075) Soest 1995}) 11... hxg5 12. Bg3 Nc6 13. Nxc6 bxc6 14. Bxd6 Qb6 15. Bxe7 Kxe7 16. Qg3 f6 17. e5 Qa5 18. exf6+ Nxf6 19. Qd6+ Kf7 20. Bc4 Ra7 21. Rhf1 $18 Rd7 22. Bxe6+ 1-0

[Event "56th Rubinstein Memorial C 2020"]
[Site "Polanica Zdroj"]
[Date "2020.08.18"]
[Round "4.8"]
[White "Plichta, Krzysztof"]
[Black "Iwanczuk, Krzysztof"]
[Result "1/2-1/2"]
[ECO "B03"]
[WhiteElo "1605"]
[BlackElo "1929"]
[Annotator "ChessBase"]
[PlyCount "97"]
[EventDate "2020.08.15"]
[EventType "swiss"]
[EventCountry "POL"]
[SourceTitle "playchess.com"]
[Source "ChessBase"]
[SourceQuality "1"]
[TimeControl "40/5400+30:1800+30"]

1. e4 Nf6 2. e5 Nd5 3. d4 d6 4. Bc4 c6 5. Nf3 dxe5 6. Nxe5 Nd7 7. Nc3 Nxe5 8. dxe5 Be6 9. Nxd5 Bxd5 10. Bxd5 cxd5 11. Be3 e6 12. O-O Be7 13. c4 O-O 14. cxd5 Qxd5 15. Qxd5 exd5 16. Rfd1 Rfd8 17. Rd3 f6 18. exf6 Bxf6 19. Bd4 Bxd4 20. Rxd4 Rac8 21. Rd2 Kf7 22. Kf1 Ke6 23. Re1+ Kd6 24. Red1 Ke5 25. Re1+ Kf6 26. Red1 Rc5 27. Ke2 a5 28. Kd3 a4 29. Re2 a3 30. Rde1 axb2 31. Rxb2 Rd7 32. Reb1 Rcc7 33. Rb6+ Ke7 34. Re1+ Kd8 35. Rb5 d4 36. Rb3 Rc5 37. Re4 Rc1 38. Rb4 Rd1+ 39. Ke2 Ra1 40. Rb2 Rc1 41. h4 Kc7 42. Kd2 Rc4 43. Rc2 b5 44. Kd3 Rxc2 45. Kxc2 Kc6 46. Kd3 Ra7 47. Re2 Kd5 48. Rb2 Ra3+ 49. Rb3 1/2-1/2

[Event "56th Rubinstein Memorial C 2020"]
[Site "Polanica Zdroj"]
[Date "2020.08.18"]
[Round "4.9"]
[White "Szopa, Emilia"]
[Black "Kawalko, Adam"]
[Result "1/2-1/2"]
[ECO "B92"]
[WhiteElo "1628"]
[BlackElo "1950"]
[Annotator "ChessBase"]
[PlyCount "94"]
[EventDate "2020.08.15"]
[EventType "swiss"]
[EventCountry "POL"]
[SourceTitle "playchess.com"]
[Source "ChessBase"]
[SourceQuality "1"]
[TimeControl "40/5400+30:1800+30"]

1. e4 c5 2. Nf3 d6 3. d4 cxd4 4. Nxd4 Nf6 5. Nc3 a6 6. Be2 e5 7. Nb3 Be7 8. Be3 O-O 9. f3 Be6 10. a4 Qc7 11. O-O Rd8 12. a5 Nbd7 13. Nd5 Bxd5 14. exd5 b6 15. c4 Nc5 16. axb6 Qxb6 17. Nxc5 dxc5 18. b3 Rdb8 19. Rb1 a5 20. Qc2 Bd6 21. Bd3 Qc7 22. Bg5 e4 23. fxe4 Bxh2+ 24. Kh1 Ng4 25. Rf3 h6 26. Bd2 Bd6 27. Rbf1 Qe7 28. Rh3 Be5 29. Qd1 Nf6 30. Bc2 Rb6 31. Qe1 Rba6 32. Bf4 Nd7 33. Rhf3 Bxf4 34. Rxf4 Ne5 35. Rf5 Rg6 36. Bd1 Raa6 37. Bh5 Rgf6 38. Qg3 g6 39. Be2 Nd7 40. Rxf6 Rxf6 41. Rxf6 Qxf6 42. Qh3 Qa1+ 43. Kh2 Qe5+ 44. Kh1 Qa1+ 45. Kh2 Qe5+ 46. Kh1 Nf6 47. Bf3 Qa1+ 1/2-1/2

[Event "56th Rubinstein Memorial C 2020"]
[Site "Polanica Zdroj"]
[Date "2020.08.18"]
[Round "4.10"]
[White "Salamon, Julia"]
[Black "Witkowski, Krzysztof"]
[Result "0-1"]
[ECO "A95"]
[WhiteElo "1421"]
[BlackElo "1791"]
[Annotator "NA RC"]
[PlyCount "101"]
[EventDate "2020.08.15"]
[EventType "swiss"]
[EventCountry "POL"]
[SourceTitle "playchess.com"]
[Source "ChessBase"]
[SourceQuality "1"]
[TimeControl "40/5400+30:1800+30"]

1. d4 d5 2. c4 e6 3. Nf3 c6 4. Nc3 f5 5. g3 Nf6 6. Bg2 Be7 7. O-O O-O 8. e3 b6 9. cxd5 exd5 10. Ne5 Bb7 11. Qb3 Nbd7 12. Rd1 Qe8 13. a4 a5 14. Rd3 Kh8 15. Nxd7 Qxd7 16. Rd1 Ba6 17. Bd2 Ne4 18. Be1 Rab8 19. Qc2 Rf6 20. Bh3 Rh6 21. Bg2 g5 22. b3 g4 23. Ne2 Bd6 24. Nf4 Bxf4 25. exf4 Qf7 26. f3 gxf3 27. Bxf3 Qd7 28. Bc3 Re8 29. Re1 Rhe6 30. Kg2 Qe7 31. Bxe4 fxe4 32. Re3 Kg8 33. Ra2 Qf7 34. Qd1 Rg6 35. Rf2 Bc8 36. f5 Bxf5 37. Qh5 Rf8 38. Rf4 Kh8 39. Qe2 Qd7 40. Qf2 Bh3+ 41. Kg1 Rxf4 42. Qxf4 Qe7 43. Qb8+ Rg8 44. Qe5+ Qxe5 45. dxe5 Be6 46. b4 axb4 47. Bxb4 Ra8 48. Rc3 Rxa4 49. Rxc6 Rxb4 50. Rxe6 Kg8 51. Rf6 0-1

[Event "56th Rubinstein Memorial C 2020"]
[Site "Polanica Zdroj"]
[Date "2020.08.18"]
[Round "4.11"]
[White "Kejna, Piotr"]
[Black "Panczuk, Grzegorz"]
[Result "1-0"]
[ECO "C01"]
[WhiteElo "1767"]
[BlackElo "1695"]
[Annotator "NA"]
[PlyCount "107"]
[EventDate "2020.08.15"]
[EventType "swiss"]
[EventCountry "POL"]
[SourceTitle "playchess.com"]
[Source "ChessBase"]
[SourceQuality "1"]
[TimeControl "40/5400+30:1800+30"]

1. e4 e6 2. d4 d5 3. exd5 exd5 4. Bd3 Bd6 5. Nf3 Ne7 6. Bg5 f6 7. Bh4 c6 8. Nbd2 Bf5 9. Qe2 Qd7 10. O-O-O Bxd3 11. Qxd3 O-O 12. Bg3 Na6 13. c3 c5 14. Nf1 c4 15. Qc2 b5 16. a3 Nc7 17. Ne3 a5 18. Rhe1 b4 19. Bxd6 Qxd6 20. axb4 axb4 21. Kd2 Ra2 22. Ke2 bxc3 23. Qxc3 Nb5 24. Qc2 Rb8 25. Rb1 Na3 26. Qa4 Rbxb2+ 27. Rxb2 Rxb2+ 28. Kf1 Nb5 29. Qa8+ Kf7 30. Nf5 Qd7 31. Rxe7+ Qxe7 32. Nxe7 Kxe7 33. Qxd5 c3 34. Qc5+ Kd7 35. Ne1 g6 36. d5 Rb1 37. Ke2 Rb2+ 38. Kd3 Rd2+ 39. Ke3 Nc7 40. Qc6+ Kd8 41. Qxf6+ Kd7 42. Qc6+ Kd8 43. Qxc3 Rxd5 44. Qh8+ Ne8 45. Qxh7 Re5+ 46. Kd2 Re6 47. Nd3 Nf6 48. Qh8+ Ke7 49. Qg7+ Kd6 50. Qf8+ Kc7 51. f3 Nd7 52. Qf4+ Rd6 53. Kc2 Kc6 54. Ne5+ 1-0

[Event "56th Rubinstein Memorial C 2020"]
[Site "Polanica Zdroj"]
[Date "2020.08.18"]
[Round "4.12"]
[White "Orlik, Sandra"]
[Black "Komendecki, Antoni"]
[Result "0-1"]
[ECO "E81"]
[WhiteElo "1738"]
[BlackElo "1631"]
[Annotator "NA"]
[PlyCount "92"]
[EventDate "2020.08.15"]
[EventType "swiss"]
[EventCountry "POL"]
[SourceTitle "playchess.com"]
[Source "ChessBase"]
[SourceQuality "1"]
[TimeControl "40/5400+30:1800+30"]

1. d4 Nf6 2. c4 g6 3. Nc3 Bg7 4. e4 d6 5. f3 O-O 6. Be3 c5 7. dxc5 Qa5 8. cxd6 exd6 9. Qd2 a6 10. Rc1 Nc6 11. Nge2 Be6 12. Nd4 Nxd4 13. Bxd4 Rfe8 14. Be2 Rac8 15. b3 Bd7 16. O-O b5 17. Rfd1 bxc4 18. Bxc4 Bb5 19. Bxb5 axb5 20. Qb2 b4 21. Nd5 Nxd5 22. Bxg7 Nc3 23. Bxc3 bxc3 24. Qc2 Rc6 25. Rd5 Qa3 26. Rd4 Ra8 27. Ra4 Rxa4 28. bxa4 Rc4 29. Kf1 Qc5 30. Ke2 Qe5 31. g3 Qc5 32. Rb1 Rd4 33. Rd1 Rb4 34. Rb1 Qc4+ 35. Ke1 Rxb1+ 36. Qxb1 Qxa4 37. Ke2 c2 38. Qb2 Qxa2 39. Qc1 Qb3 40. f4 Qc4+ 41. Ke3 Qc3+ 42. Ke2 f5 43. e5 d5 44. Qh1 c1=Q 45. Qxd5+ Kg7 46. Qd7+ Kh6 0-1

[Event "56th Rubinstein Memorial C 2020"]
[Site "Polanica Zdroj"]
[Date "2020.08.18"]
[Round "4.13"]
[White "Wolak, Kamil"]
[Black "Demski, Michal"]
[Result "0-1"]
[ECO "C45"]
[WhiteElo "1715"]
[BlackElo "1617"]
[Annotator "NA"]
[PlyCount "76"]
[EventDate "2020.08.15"]
[EventType "swiss"]
[EventCountry "POL"]
[SourceTitle "playchess.com"]
[Source "ChessBase"]
[SourceQuality "1"]
[TimeControl "40/5400+30:1800+30"]

1. e4 e5 2. Nf3 Nc6 3. d4 exd4 4. Nxd4 Bc5 5. Be3 Qf6 6. c3 Nge7 7. g3 O-O 8. Bg2 b6 9. O-O Bb7 10. f4 Bxd4 11. cxd4 d5 12. e5 Qg6 13. Nc3 Nb4 14. Rc1 Nf5 15. Re1 Nh6 16. Bf1 Ba6 17. Bxa6 Nxa6 18. Nxd5 Qe6 19. Nc3 c6 20. a3 Nc7 21. Qf3 Rad8 22. Ne4 Qb3 23. Rxc6 Ne6 24. Qh5 Qd5 25. Qf3 Nxd4 26. Bxd4 Qxd4+ 27. Kh1 Nf5 28. Qc3 Qd5 29. Kg1 Nd4 30. Kf2 Qxc6 31. Qxc6 Nxc6 32. Rc1 Nd4 33. Nd6 Ne6 34. f5 Nc5 35. Rd1 Rfe8 36. b4 Ne4+ 37. Kf3 Nxd6 38. exd6 Rd7 0-1

[Event "56th Rubinstein Memorial C 2020"]
[Site "Polanica Zdroj"]
[Date "2020.08.18"]
[Round "4.14"]
[White "Borowski, Przemyslaw"]
[Black "Lada, Damian"]
[Result "1-0"]
[ECO "B09"]
[WhiteElo "1790"]
[BlackElo "1619"]
[Annotator "NA"]
[PlyCount "85"]
[EventDate "2020.08.15"]
[EventType "swiss"]
[EventCountry "POL"]
[SourceTitle "playchess.com"]
[Source "ChessBase"]
[SourceQuality "1"]
[TimeControl "40/5400+30:1800+30"]

1. e4 d6 2. d4 Nf6 3. Nc3 g6 4. f4 Bg7 5. Be2 O-O 6. g4 e5 7. g5 Nfd7 8. fxe5 dxe5 9. d5 c6 10. Be3 Nb6 11. Qd2 Bd7 12. O-O-O Na6 13. Kb1 Qc8 14. h4 Nc7 15. h5 cxd5 16. Bxb6 axb6 17. exd5 Bf5 18. d6 Ne6 19. Nd5 Re8 20. d7 Bxc2+ 21. Qxc2 Qxc2+ 22. Kxc2 Red8 23. Nxb6 Ra5 24. Kb1 Nxg5 25. Bc4 Kf8 26. Ne2 f5 27. hxg6 hxg6 28. Nc3 Nf3 29. b4 Ra3 30. Kb2 Ra7 31. Rd6 e4 32. Kb3 Ne5 33. Nb5 Ra6 34. Nc7 Nxc4 35. Kxc4 Rxb6 36. Rxb6 Rxd7 37. Ne6+ Kg8 38. Nxg7 Kxg7 39. Rg1 e3 40. Rbxg6+ Kf7 41. Rg7+ Ke6 42. Rxd7 Kxd7 43. Kd3 1-0

[Event "56th Rubinstein Memorial C 2020"]
[Site "Polanica Zdroj"]
[Date "2020.08.18"]
[Round "4.15"]
[White "Hasterok, Lukasz"]
[Black "Ciechonski, Piotr"]
[Result "1/2-1/2"]
[ECO "A48"]
[WhiteElo "1622"]
[BlackElo "1774"]
[Annotator "NA"]
[PlyCount "71"]
[EventDate "2020.08.15"]
[EventType "swiss"]
[EventCountry "POL"]
[SourceTitle "playchess.com"]
[Source "ChessBase"]
[SourceQuality "1"]
[TimeControl "40/5400+30:1800+30"]

1. d4 Nf6 2. Nf3 g6 3. Bf4 Bg7 4. h3 O-O 5. e3 c5 6. c3 cxd4 7. exd4 d6 8. Bc4 Nbd7 9. O-O Qc7 10. Nbd2 Rb8 11. a4 a6 12. Re1 Re8 13. Qb3 e6 14. Bxe6 Rxe6 15. Rxe6 Nc5 16. dxc5 Bxe6 17. Qb6 Qxb6 18. cxb6 Rd8 19. a5 d5 20. Nd4 Nd7 21. N2f3 Nc5 22. Bc7 Re8 23. Re1 Bd7 24. Bd6 Na4 25. Ba3 Rxe1+ 26. Nxe1 Bf8 27. Bxf8 Kxf8 28. Nd3 Ke7 29. Kf1 Kd6 30. Ke2 f6 31. f4 g5 32. f5 Nc5 33. b3 Na4 34. Kd2 Nc5 35. Nxc5 Kxc5 36. Kd3 1/2-1/2

[Event "56th Rubinstein Memorial C 2020"]
[Site "Polanica Zdroj"]
[Date "2020.08.18"]
[Round "4.16"]
[White "Lambrecht, Tomasz"]
[Black "Urbaniak, Karol"]
[Result "1-0"]
[ECO "A58"]
[WhiteElo "1750"]
[BlackElo "1612"]
[Annotator "NA"]
[PlyCount "90"]
[EventDate "2020.08.15"]
[EventType "swiss"]
[EventCountry "POL"]
[SourceTitle "playchess.com"]
[Source "ChessBase"]
[SourceQuality "1"]
[TimeControl "40/5400+30:1800+30"]

1. d4 Nf6 2. c4 c5 3. d5 b5 4. cxb5 a6 5. bxa6 Bxa6 6. Nc3 g6 7. e4 Bxf1 8. Kxf1 d6 9. Nf3 Nbd7 10. g3 Bg7 11. Kg2 O-O 12. a4 Qb6 13. Qc2 Rfb8 14. Nb5 h6 15. Nd2 Qd8 16. Ra3 Ne8 17. Nc4 Nb6 18. b3 Nc7 19. Nxc7 Qxc7 20. Bd2 Rb7 21. Na5 Rba7 22. Nc6 Ra6 23. a5 Nc8 24. Qd3 e6 25. Re1 Ne7 26. Nxe7+ Qxe7 27. dxe6 Qxe6 28. b4 Bb2 29. Ra4 c4 30. Qd5 c3 31. Bxh6 c2 32. Qxe6 fxe6 33. Bc1 Bc3 34. Re2 Rb8 35. Rxc2 Rxb4 36. Ra3 Bd4 37. Bd2 Rb5 38. Ra4 Bc5 39. Rac4 Kf7 40. e5 Ke7 41. exd6+ Kxd6 42. Rxc5 Rxc5 43. Bb4 Raxa5 44. Rxc5 Rxc5 45. Kf3 Kd5 1-0

[Event "56th Rubinstein Memorial C 2020"]
[Site "Polanica Zdroj"]
[Date "2020.08.19"]
[Round "5.2"]
[White "Komendecki, Jacek"]
[Black "Janzer, Hubert"]
[Result "1-0"]
[ECO "C02"]
[WhiteElo "2024"]
[BlackElo "1893"]
[Annotator "ChessBase"]
[PlyCount "83"]
[EventDate "2020.08.15"]
[EventType "swiss"]
[EventCountry "POL"]
[SourceTitle "playchess.com"]
[Source "ChessBase"]
[SourceQuality "1"]
[TimeControl "40/5400+30:1800+30"]

1. e4 e6 2. d4 d5 3. e5 c5 4. c3 Nc6 5. Nf3 Qb6 6. a3 Nh6 7. b4 cxd4 8. cxd4 Nf5 9. Be3 Be7 10. Bd3 f6 11. exf6 Bxf6 12. Bxf5 exf5 13. Nc3 Be6 14. O-O O-O 15. Na4 Qd8 16. Nc5 Bc8 17. Ra2 f4 18. Bc1 b6 19. Nb3 Ba6 20. Re1 Qd6 21. Rd2 Bc4 22. Bb2 Rae8 23. Nc1 g5 24. Nd3 Rxe1+ 25. Qxe1 g4 26. Nfe5 Bxe5 27. Nxe5 Qe6 28. Qd1 Nxe5 29. dxe5 f3 30. Rd4 Rf7 31. Qd2 Qf5 32. Bc1 fxg2 33. Kxg2 Qf3+ 34. Kg1 Rf5 35. e6 Qe2 36. Qxe2 Bxe2 37. Bf4 Kg7 38. Bd6 Kf6 39. e7 Kf7 40. Rd2 Bf3 41. Rc2 Rf6 42. Rc8 1-0

[Event "56th Rubinstein Memorial C 2020"]
[Site "Polanica Zdroj"]
[Date "2020.08.19"]
[Round "5.4"]
[White "Komendecki, Antoni"]
[Black "Bartlomowicz, Jakub"]
[Result "1-0"]
[ECO "B38"]
[WhiteElo "1631"]
[BlackElo "1613"]
[Annotator "NA RC"]
[PlyCount "113"]
[EventDate "2020.08.15"]
[EventType "swiss"]
[EventCountry "POL"]
[SourceTitle "playchess.com"]
[Source "ChessBase"]
[SourceQuality "1"]
[TimeControl "40/5400+30:1800+30"]

1. e4 c5 2. Nf3 Nc6 3. d4 cxd4 4. Nxd4 g6 5. c4 Bg7 6. Be3 Nf6 7. Nc3 O-O 8. Be2 d6 9. O-O Bd7 10. Rc1 Nxd4 11. Bxd4 Bc6 12. f3 Nd7 13. Be3 a5 14. b3 Nc5 15. Re1 e6 16. Bf1 Be5 17. Ne2 Qe7 18. Qd2 Rfd8 19. Bf2 Bf6 20. Ng3 Bg5 21. Be3 Bf6 22. Rc2 Be5 23. Bf2 Qh4 24. Be2 Bf4 25. Qd1 Rd7 26. Nf1 Qe7 27. Be3 Be5 28. Bd4 Na6 29. Rd2 a4 30. Bxe5 dxe5 31. Rxd7 Bxd7 32. Ne3 axb3 33. axb3 Rd8 34. Ng4 Bc6 35. Qa1 Qc5+ 36. Kh1 Rd4 37. Qc1 f5 38. exf5 exf5 39. Nf2 Nb4 40. Bf1 Kg7 41. Qe3 e4 42. Qc3 exf3 43. gxf3 Nd5 44. Qb2 Nf6 45. Bg2 Qd6 46. Qe2 Rd2 47. Qf1 Rb2 48. Rb1 Qd2 49. Rxb2 Qxb2 50. Qe1 Qxb3 51. Qe7+ Kh6 52. h4 Nh5 53. Qf8+ Ng7 54. Ng4+ Kh5 55. Qxg7 Qd1+ 56. Kh2 Qd6+ 57. Kh3 1-0

[Event "56th Rubinstein Memorial C 2020"]
[Site "Polanica Zdroj"]
[Date "2020.08.19"]
[Round "5.5"]
[White "Demski, Michal"]
[Black "Kejna, Piotr"]
[Result "1-0"]
[ECO "C00"]
[WhiteElo "1617"]
[BlackElo "1767"]
[Annotator "NA"]
[PlyCount "73"]
[EventDate "2020.08.15"]
[EventType "swiss"]
[EventCountry "POL"]
[SourceTitle "playchess.com"]
[Source "ChessBase"]
[SourceQuality "1"]
[TimeControl "40/5400+30:1800+30"]

1. e4 e6 2. d3 g6 3. g3 Bg7 4. Bg2 Ne7 5. Nf3 O-O 6. O-O c5 7. Re1 d5 8. e5 Nbc6 9. Nbd2 Qc7 10. Qe2 b6 11. Nf1 Ba6 12. Bf4 Qb7 13. c3 b5 14. b3 c4 15. dxc4 bxc4 16. b4 Qc7 17. a4 Bb7 18. Ne3 Rfd8 19. Ng4 Nf5 20. Nf6+ Bxf6 21. exf6 Qd7 22. h4 Nd6 23. Bxd6 Qxd6 24. b5 Na5 25. Ne5 Rac8 26. Rad1 a6 27. h5 Qf8 28. Qg4 Kh8 29. hxg6 hxg6 30. Qh4+ Kg8 31. Rd4 Rd6 32. Rg4 Qe8 33. Qh6 Qf8 34. Rxg6+ fxg6 35. Qxg6+ Kh8 36. Nf7+ Qxf7 37. Qxf7 1-0

[Event "56th Rubinstein Memorial C 2020"]
[Site "Polanica Zdroj"]
[Date "2020.08.19"]
[Round "5.6"]
[White "Adamczewski, Maciej"]
[Black "Walkusz, Witoslaw"]
[Result "1-0"]
[ECO "A85"]
[WhiteElo "2045"]
[BlackElo "2092"]
[Annotator "RC"]
[PlyCount "229"]
[EventDate "2020.08.15"]
[EventType "swiss"]
[EventCountry "POL"]
[SourceTitle "playchess.com"]
[Source "ChessBase"]
[SourceQuality "1"]
[TimeControl "40/5400+30:1800+30"]

1. d4 f5 2. c4 Nf6 3. Nc3 g6 4. h4 c5 5. d5 d6 6. Nh3 e5 7. dxe6 Bxe6 8. Nf4 Bxc4 9. Qa4+ b5 10. Nxb5 Bxb5 11. Qxb5+ Qd7 12. e3 Qxb5 13. Bxb5+ Nbd7 14. b3 Rb8 15. a4 Ke7 16. Bb2 Bg7 17. Rd1 Rhd8 18. Ke2 Ne5 19. Nd5+ Nxd5 20. Rxd5 Bf6 21. Rhd1 Ng4 22. Ba3 h5 23. g3 Bc3 24. R5d3 Bb4 25. Bb2 Ba5 26. f3 Nh6 27. Bc4 Rb6 28. Be5 Rc6 29. Bf4 Nf7 30. Bxf7 Kxf7 31. Rxd6 Rdxd6 32. Rxd6 Rxd6 33. Bxd6 Bb4 34. Bb8 a6 35. Kd3 Ke6 36. Kc4 Ba3 37. Bc7 Kd7 38. Bf4 Kc6 39. e4 fxe4 40. fxe4 Bb2 41. Be3 Be5 42. Bf4 Bf6 43. b4 cxb4 44. Kxb4 Bd4 45. Kc4 Bf2 46. Be5 Be1 47. Bb8 Kb7 48. Bf4 Kc6 49. Kd4 Kd7 50. Kd5 Bc3 51. e5 Be1 52. e6+ Ke7 53. Bg5+ Ke8 54. Ke5 Bc3+ 55. Kd6 Bb4+ 56. Kc6 Be1 57. Bf4 Ke7 58. Kd5 a5 59. Bd6+ Ke8 60. Kc4 Kd8 61. Kb5 Ke8 62. Kc6 Kd8 63. Kd5 Ke8 64. Ke4 Kd8 65. Kd3 Ke8 66. Ke2 Bc3 67. Bc5 Bf6 68. Kd3 g5 69. hxg5 Bxg5 70. Ke4 h4 71. g4 h3 72. Bd6 Bh4 73. Kf5 Be7 74. Bh2 Bc5 75. Kg5 Ke7 76. Kh4 Kxe6 77. Kxh3 Kf6 78. Bc7 Bb4 79. Kg3 Bd2 80. Kf3 Ke6 81. Ke4 Kd7 82. Bf4 Bc3 83. Kd5 Bf6 84. Bd2 Bd8 85. Kc5 Kc8 86. Kb5 Kb7 87. Bxa5 Bg5 88. Bc3 Ka7 89. Kc6 Ka6 90. Kd6 Kb6 91. Ke6 Kc5 92. Bf6 Bd2 93. Bd8 Kb4 94. a5 Kb5 95. Kd7 Ka6 96. Kc6 Ka7 97. Kb5 Kb7 98. a6+ Ka7 99. Bb6+ Kb8 100. Kc6 Ka8 101. Kd6 Bg5 102. Ke5 Bd2 103. Ke4 Bg5 104. Be3 Be7 105. Kf5 Bh4 106. Bd4 Bd8 107. Bf6 Ba5 108. g5 Bd2 109. g6 Bh6 110. Bd4 Kb8 111. Kf6 Kc7 112. Kf7 Kc6 113. Kg8 Kc7 114. Kh7 Bf8 115. Bc5 1-0

[Event "56th Rubinstein Memorial C 2020"]
[Site "Polanica Zdroj"]
[Date "2020.08.19"]
[Round "5.8"]
[White "Kawalko, Adam"]
[Black "Barwinska, Ewa"]
[Result "*"]
[ECO "D35"]
[WhiteElo "1950"]
[BlackElo "1763"]
[Annotator "ChessBase"]
[PlyCount "25"]
[EventDate "2020.08.15"]
[EventType "swiss"]
[EventCountry "POL"]
[SourceTitle "playchess.com"]
[Source "ChessBase"]
[SourceQuality "1"]
[TimeControl "40/5400+30:1800+30"]

1. d4 d5 2. c4 e6 3. Nc3 Nf6 4. cxd5 exd5 5. Bg5 Nbd7 6. e3 Be7 7. Bd3 c6 8. Nge2 Nh5 9. Bxe7 Qxe7 10. Qc2 g6 11. O-O O-O 12. a3 Ng7 13. b4 *

[Event "56th Rubinstein Memorial C 2020"]
[Site "Polanica Zdroj"]
[Date "2020.08.19"]
[Round "5.8"]
[White "Kawalko, Adam"]
[Black "Barwinska, Ewa"]
[Result "1/2-1/2"]
[ECO "D35"]
[WhiteElo "1950"]
[BlackElo "1763"]
[Annotator "ChessBase"]
[PlyCount "85"]
[EventDate "2020.08.15"]
[EventType "swiss"]
[EventCountry "POL"]
[SourceTitle "playchess.com"]
[Source "ChessBase"]
[SourceQuality "1"]
[TimeControl "40/5400+30:1800+30"]

1. d4 d5 2. c4 e6 3. Nc3 Nf6 4. cxd5 exd5 5. Bg5 Nbd7 6. e3 Be7 7. Bd3 c6 8. Nge2 Nh5 9. Bxe7 Qxe7 10. Qc2 g6 11. O-O O-O 12. a3 Ndf6 13. b4 Ng7 14. Qb3 a6 15. a4 Bf5 16. Bxf5 Nxf5 17. b5 axb5 18. axb5 Nd6 19. Qb4 Qc7 20. Rfc1 Nde4 21. bxc6 bxc6 22. Nxe4 Nxe4 23. Nc3 Nxc3 24. Qxc3 Rxa1 25. Qxa1 Qb7 26. g3 Ra8 27. Qb1 Qxb1 28. Rxb1 Rc8 29. f3 f5 30. Kf2 Rc7 31. e4 fxe4 32. fxe4 dxe4 33. Ke3 Kf7 34. Kxe4 Re7+ 35. Kf4 Kf6 36. Rb6 Re6 37. g4 g5+ 38. Kf3 Kf7 39. Ra6 Kf6 40. h3 h6 41. Ra7 Kg6 42. Ra6 Kf6 43. Ra7 1/2-1/2

[Event "56th Rubinstein Memorial C 2020"]
[Site "Polanica Zdroj"]
[Date "2020.08.19"]
[Round "5.9"]
[White "Lewandrowski, Tomasz"]
[Black "Plichta, Krzysztof"]
[Result "1/2-1/2"]
[ECO "B13"]
[WhiteElo "1879"]
[BlackElo "1605"]
[Annotator "NA"]
[PlyCount "130"]
[EventDate "2020.08.15"]
[EventType "swiss"]
[EventCountry "POL"]
[SourceTitle "playchess.com"]
[Source "ChessBase"]
[SourceQuality "1"]
[TimeControl "40/5400+30:1800+30"]

1. e4 c6 2. d4 d5 3. exd5 cxd5 4. Bd3 Nc6 5. c3 Qc7 6. Ne2 Bg4 7. Qb3 {[%emt 0:06:57] Recently 7.0-0 got a lot of attention. B13: Caro-Kann: Exchange Variation and Panov-Botvinnik Attack.} Bxe2 8. Bxe2 Nxd4 9. Qxd5 Nxe2 10. Qb5+ Qd7 11. Qxd7+ Kxd7 12. Kxe2 {[%emt 0:00:03] [#]} e6 $146 ({Predecessor:} 12... e5 13. Rd1+ Kc7 14. Be3 f5 15. f3 Nf6 16. Nd2 b6 17. Nc4 Re8 18. a4 f4 {½-½ (45) Vega Gutierrez,S-Vilar Lopez,M (2135) Empuriabrava 1997}) 13. Nd2 Bd6 14. Nc4 Rc8 15. Nxd6 Kxd6 16. Be3 b6 17. Rhd1+ Ke7 18. a4 Nf6 19. a5 Nd5 20. axb6 axb6 21. Ra7+ Kf6 22. Rda1 b5 23. Rb7 b4 24. Bd4+ e5 $16 (24... Kg6 $14) 25. Ra6+ Kg5 26. Ra5 exd4 27. Rxd5+ Kg6 28. cxb4 Rc2+ 29. Kf3 Re8 30. Rd6+ Re6 31. Rbd7 Rxb2 32. Rxe6+ fxe6 33. Rxd4 Kf5 34. g3 e5 35. Rc4 Rb3+ 36. Kg2 h5 37. h3 g5 38. g4+ hxg4 39. hxg4+ Ke6 40. Rc6+ Kf7 41. Rb6 e4 42. Rb8 e3 43. fxe3 Rxe3 44. b5 Rb3 45. b6 Kg7 46. b7 Kh7 47. Kf2 Kg7 48. Ke2 Rb2+ 49. Kd3 Rb3+ 50. Kc4 Rb1 51. Kc5 Rc1+ 52. Kd6 Rd1+ 53. Ke6 Rb1 54. Rd8 Rxb7 55. Rd7+ Rxd7 56. Kxd7 Kf7 57. Kd6 Kf6 58. Kd5 Kf7 59. Ke5 Kg8 60. Kf5 Kh8 61. Kxg5 Kg7 62. Kf5 Kf7 63. g5 Kg7 64. g6 Kg8 65. Kg5 Kg7 1/2-1/2

[Event "56th Rubinstein Memorial C 2020"]
[Site "Polanica Zdroj"]
[Date "2020.08.19"]
[Round "5.10"]
[White "Grot, Blazej"]
[Black "Rudecki, Bartosz"]
[Result "1/2-1/2"]
[ECO "C43"]
[WhiteElo "1768"]
[BlackElo "1831"]
[Annotator "NA"]
[PlyCount "26"]
[EventDate "2020.08.15"]
[EventType "swiss"]
[EventCountry "POL"]
[SourceTitle "playchess.com"]
[Source "ChessBase"]
[SourceQuality "1"]
[TimeControl "40/5400+30:1800+30"]

1. e4 e5 2. Nf3 Nf6 3. d4 Nxe4 4. Bd3 d5 5. Nxe5 Nd7 6. Nxd7 Bxd7 7. O-O Bd6 8. Nd2 Nxd2 9. Bxd2 O-O 10. Qh5 f5 11. Rfe1 Qf6 12. c3 Rae8 13. h3 g6 1/2-1/2